 Dungeon Crawl Stone Soup version 0.31-a0-705-ga145531891 (webtiles) character file.

Game seed: 9095457345634378704

113246 ytrimaz the Skinwalker (level 16, -2/98 HPs)
             Began as a Merfolk Shapeshifter on Sept 10, 2023.
             Was the Champion of Hepliaklqana.
             Collided with a rock wall (16 damage)
             ... caused by a deep elf knight
             ... on level 1 of the Elven Halls.
             The game lasted 00:38:47 (24181 turns).

ytrimaz the Skinwalker (Merfolk Shapeshifter)      Turns: 24181, Time: 00:38:48

Health: -2/98      AC: 13    Str: 16    XL:     16   Next: 62%
Magic:  22/22      EV: 34    Int:  9    God:    Hepliaklqana [******]
Gold:   2796       SH:  0    Dex: 29    Spells: 15/15 levels left

rFire   + .          .
                       - Unarmed
rCold   + . .        (no shield)
rNeg    + + +        U - +0 troll leather armour
rPois   ∞            s - +0 helmet
rElec   .            k - +0 cloak
rCorr   .            I - +2 pair of gloves {Dex+3}
SInv    .            t - +0 pair of boots
Will    ++...        H - amulet of regeneration
Stlth   ++           X - ring of Ashenzari's Hatred {rPois rF+ AC+4}
HPRegen 1.96/turn    i - +6 ring of dexterity
MPRegen 0.18/turn

%: no passive effects
@: death-form, studying Fire Magic
A: vile attack, torment immunity, no potions, reduced hp, reduced essence,
(nimble swimmer 2), mertail, mutation resistance 1, inability to read after
injury 1
a: Siphon Essence, Begin Untransformation, Renounce Religion, Recall Ancestor,
Ancestor Identity, Transference, Idealise


You were on level 1 of the Elven Halls.
You worshipped Hepliaklqana.
Hepliaklqana was exalted by your worship.
You were an undying horror.
You visited 4 branches of the dungeon, and saw 23 of its levels.
You also visited: Ossuary, Bailey, Gauntlet, Ice Cave and Wizlab.

You collected 3331 gold pieces.
You spent 535 gold pieces at shops.


Innate Abilities, Weirdness & Mutations

You are an undying horror.
Your melee and unarmed attacks drain, slow and weaken victims.
You are immune to unholy pain and torment.
You cannot drink.
Your maximum health is decreased, since you lack skill for your form.
You are immune to poison.
Your life essence is reduced to manifest your ancestor. (-10% HP)
((You are very nimble when in or above water. (Stealth+, EV+, Speed+++)))
Your lower body shifts to a powerful aquatic tail in water.
You are somewhat resistant to further mutation.
You occasionally lose the ability to read scrolls when taking damage.


   Skills:
 + Level 12.1 Fighting
 - Level 21.3 Dodging
 - Level 10.0 Unarmed Combat
 - Level 9.0 Invocations
 + Level 21.6 Shapeshifting


You had 15 spell levels left.
You didn't know any spells.
Your spell library contained the following spells:

 Spells                   Type           Power      Damage    Failure   Level
 Summon Small Mammal      Summ           0%         N/A       45%         1
 Blink                    Tloc           0%         N/A       58%         2
 Cigotuvi's Dreadful Rot  Necr/Pois/Air  0%         N/A       58%         2
 Lesser Beckoning         Tloc           0%         N/A       58%         2
 Momentum Strike          Conj/Tloc      0%         3d8       58%         2
 Static Discharge         Conj/Air       0%         2-2/arc   58%         2
 Call Canine Familiar     Summ           0%         N/A       83%         3
 Frozen Ramparts          Ice            0%         1d1       83%         3
 Gell's Gravitas          Tloc           0%         N/A       83%         3
 Ignite Poison            Fire/Tmut/Pois 0%         N/A       83%         3
 Summon Guardian Golem    Hex/Summ       0%         N/A       83%         3
 Teleport Other           Tloc           0%         N/A       83%         3
 Airstrike                Air            0%         2d(0-16)  99%         4
 Animate Dead             Necr           0%         N/A       99%         4
 Manifold Assault         Tloc           0%         N/A       99%         4
 Passage of Golubria      Tloc           0%         N/A       99%         4
 Petrify                  Tmut/Erth      0%         N/A       99%         4
 Summon Lightning Spire   Summ/Air       0%         N/A       99%         4
 Freezing Cloud           Conj/Ice/Air   0%         6-21      100%        5
 Metabolic Englaciation   Hex/Ice        0%         N/A       100%        5
 Silence                  Hex/Air        0%         N/A       100%        5
 Haunt                    Necr/Summ      0%         N/A       100%        7
 Malign Gateway           Summ/Tloc      0%         N/A       100%        7
 Infestation              Necr           0%         N/A       100%        8
 Lehudib's Crystal Spear  Conj/Erth      0%         10d2      100%        8
 Summon Horrible Things   Summ           0%         N/A       100%        8
 Chain Lightning          Conj/Air       0%         N/A       100%        9
 Fire Storm               Conj/Fire      0%         5d1       100%        9
 Shatter                  Erth           0%         3d5*      100%        9

Inventory:

Missiles
 v - 3 throwing nets
Armour
 k - a +0 cloak (worn)
   (You found it on level 5 of the Dungeon)
 s - a +0 helmet (worn)
   (You found it on level 3 of the Dungeon)
 t - a +0 pair of boots (worn)
   (You found it on level 3 of the Dungeon)
 B - the +3 leather armour of the Red Skies {rPois Int+4}
   (You bought it in a shop on level 2 of the Orcish Mines)

   Int+4:     It affects your intelligence (+4).
   rPois:     It protects you from poison
 I - a +2 pair of gloves of dexterity (worn)
   (You bought it in a shop on level 8 of the Dungeon)
 P - +0 acid dragon scales
   (You found it on level 10 of the Dungeon)
 U - a +0 troll leather armour (worn)
   (You found it on level 13 of the Dungeon)
Jewellery
 i - a +6 ring of dexterity (right hand)
   (You found it on level 1 of the Dungeon)
 u - the ring of Eternal Night {rPois rCorr}
   (You acquired it on level 15 of the Dungeon)

   [ring of resist corrosion]

   rPois:     It protects you from poison rCorr: It protects you from acid and
   corrosion.
 G - a ring of ice
   (You found it on level 2 of the Lair of Beasts)
 H - an amulet of regeneration (around neck)
   (You found it on level 7 of the Dungeon)
 L - a ring of wizardry
   (You took it off an orc priest on level 8 of the Dungeon)
 O - the ring of Luseg {Wiz +Blink rN+ MP+9}
   (You found it on level 3 of the Lair of Beasts)

   [ring of wizardry]

   Wiz:       It improves your spell success rate.
   rN+:       It protects you from negative energy.
   MP+9:      It affects your magic capacity (+9).
   +Blink:    It lets you blink.
 Q - a +5 ring of evasion
   (You took it off an efreet on level 12 of the Dungeon)
 T - a +6 ring of dexterity
   (You found it on level 13 of the Dungeon)
 W - a +4 ring of protection
   (You found it on level 5 of the Lair of Beasts)
 X - the ring of Ashenzari's Hatred (left hand) {rPois rF+ AC+4}
   (You found it in a Gauntlet)

   [ring of protection]

   AC+4:      It affects your AC (+4).
   rF+:       It protects you from fire.
   rPois:     It protects you from poison
 Y - a ring of ice
   (You found it on level 5 of the Lair of Beasts)
 Z - an amulet of reflection
   (You found it in a Gauntlet)
Talismans
 c - a beast talisman
 d - a flux talisman
 F - a talisman of death (active)
   (You found it in a Gauntlet)
Wands
 a - a wand of iceblast (18) (quivered)
   (You found it on level 6 of the Dungeon)
 D - a wand of flame (46)
   (You found it on level 5 of the Dungeon)
 J - a wand of digging (7)
   (You found it on level 8 of the Dungeon)
 K - a wand of mindburst (5)
   (You took it off a tengu conjurer on level 15 of the Dungeon)
 S - a wand of acid (10)
   (You found it on level 13 of the Dungeon)
Scrolls
 b - 3 scrolls of vulnerability
 e - 4 scrolls of amnesia
 f - 4 scrolls of fog
 h - 3 scrolls of enchant weapon
 m - 3 scrolls of teleportation
 q - 3 scrolls of silence
 r - 2 scrolls of poison
 y - 5 scrolls of blinking
 z - 4 scrolls of fear
 E - 2 scrolls of enchant armour
 R - 4 scrolls of immolation
 V - 4 scrolls of identify
Potions
 g - 2 potions of might
 j - 15 potions of curing
 l - 3 potions of cancellation
 n - 3 potions of attraction
 o - 5 potions of haste
 w - 5 potions of heal wounds
 x - 4 potions of brilliance
 A - 2 potions of magic
 C - 3 potions of lignification
 M - 3 potions of enlightenment
 N - 2 potions of invisibility

Dungeon Overview and Level Annotations

Branches:
Dungeon (15/15) Zot: 25457  Temple (0/1) D:5            Lair (5/5) D:9 Zot: 24661
  Swamp (0/4) Lair:2        Snake (0/4) Lair:2        Slime (0/5) Lair:4
    Orc (2/2) D:12 Zot: 10338     Elf (1/3) Orc:2 Zot: 5459  Vaults (0/5) D:14
 Depths (0/4) D:15        Ossuary (visited)          Bailey (visited)
  IceCv (visited)          WizLab (visited)         Gauntlet (visited)

Altars:
Cheibriados
Dithmenos
Gozag
Hepliaklqana
Kikubaaqudgha
Nemelex Xobeh
Qazlal
Ru
Trog
Uskayaw
Wu Jian
Yredelemnul
Zin
Jiyva

Shops:
D:8 [   D:10 ?   Orc:1 :   Orc:2 (***   Elf:1 *

Annotations:
D:4 3 runed translucent doors, Skeral's ghost, amateur MeFE
D:10 3 runed translucent doors, anansati's ghost, journeyman TeBr
Lair:2 2 transporters, bahustanut's ghost, journeyman OgBe
Lair:5 1 runed translucent door, bahustanut's ghost, journeyman MiBe

###..'.<. ###..#...
####.##'# ####.....
######... ******#######.#
*,,,,,..#####.#
########*,**+*#.#####.#
#.....z#*,*,,,#.#####..
#.####.#*,+,..+,** ###
*,*###{#*,#...*,,*****#
*,*#EE)##.##+##,#....).
#.*#☼#○e.......,.##.#.#
#?##°#○####....,***..#*
#...○°°## **,#.** #.#,*
**##.../.§#####..***#.,,,
*.......#.#......,,,#***#


You could see a deep elf zephyrmancer (drained) and a fire elemental (summoned).


Message History

a +0 dagger; a +0 ring mail; 😕 HP[+2]
You regained 2 hp, and now have 81/97 hp.
You hit the deep elf pyromancer.
The deep elf pyromancer decays.
You hear some strange, mumbled words.
A lance of force appears from out of thin air!
The lance of force misses you.
Khenut hits something with a +0 dagger of draining!
Khenut gestures next to you while chanting.
The deep elf pyromancer barely misses Khenut.
Something completely misses you.
Unknown command. 😕 HP[+1]
You hit the deep elf pyromancer but do no damage.
You drain the deep elf pyromancer. Something hits you but does no damage.
The deep elf pyromancer completely misses you.
You hear some strange, mumbled words.
A lance of force appears from out of thin air!
The lance of force misses you.
Khenut hits something with a +0 dagger of draining.
Something completely misses you. 😕 HP[+2]
You regained 2 hp, and now have 84/97 hp.
You miss the deep elf pyromancer.
The deep elf pyromancer hits Khenut with a +0 long sword!
Something hits you but does no damage.
Khenut completely misses something.
You hear some strange, mumbled words.
A shard of ice appears from out of thin air!
The shard of ice hits you! You partially resist.
The deep elf pyromancer completely misses you.
You punch the deep elf pyromancer!
The deep elf pyromancer decays.
Something hits you.
Khenut hits something with a +0 dagger of draining!
The deep elf pyromancer mumbles some strange words.
Something misses you.
Khenut hits something with a +0 dagger of draining. 😮 HP[-14]
You take 14 damage, and now have 70/97 hp.
You closely miss the deep elf pyromancer.
Something completely misses you. x2
Khenut casts a spell next to you.
The deep elf pyromancer mumbles some strange words.
The deep elf pyromancer blinks!
The deep elf pyromancer barely misses you.
Something closely misses Khenut.
You are too injured to fight recklessly!
Unknown command. 😮 HP[+2]
You regained 2 hp, and now have 72/97 hp.
You closely miss the deep elf pyromancer.
Something completely misses you.
Something hits Khenut!
Khenut closely misses something.
The deep elf pyromancer casts a spell.
The deep elf pyromancer blinks!
Something completely misses you. 😕 HP[+1]
You punch the deep elf pyromancer!
The deep elf pyromancer decays.
Khenut hits something with a +0 dagger of draining!
A shard of ice appears from out of thin air!
The shard of ice hits Khenut!!
Khenut partially resists.
The deep elf pyromancer completely misses you.
Something hits you!
The deep elf zephyrmancer hits Khenut with a +3 long sword!
Khenut is destroyed!
The deep elf pyromancer casts a spell.
The deep elf pyromancer blinks!
You are too injured to fight recklessly! 😮 HP[-5]
You take 5 damage, and now have 68/97 hp.
Unknown command.
You hear a shout!
You pummel the deep elf pyromancer!!
The deep elf pyromancer decays.
You drain the deep elf pyromancer.
You kill the deep elf pyromancer!
The fire elemental disappears in a puff of smoke!
Something hits you. Something hits you! Something burns you. 😮 HP[-16]
You now have 98 max hp (+1).
You take 16 damage, and now have 52/98 hp.
You are too injured to fight recklessly!
Something completely misses you.
You hear a bow twang.
An arrow appears from out of thin air!
The arrow completely misses you.
You hear some strange, mumbled words.
A lance of force appears from out of thin air!
The lance of force hits you!!
* * * LOW HITPOINT WARNING * * *
You are knocked back by the lance of force.
You slam into the rock wall!
* * * LOW HITPOINT WARNING * * *
Things that are here:
a +0 short sword; an elf corpse; 😱 HP[-28]
You take 28 damage, and now have 24/98 hp.
MASSIVE DAMAGE!! (PAUSE)
You hear some strange, mumbled words.
A lance of force appears from out of thin air!
The lance of force hits you!
* * * LOW HITPOINT WARNING * * *
You are knocked back by the lance of force.
You slam into the rock wall!
You die...

Skill      XL: |  1  2  3  4  5  6  7  8  9 10 11 12 13 14 15 16 |
---------------+-------------------------------------------------+-----
Dodging        | 3 4 5 7 8 10 13 15 17 18 20 21 | 21.3
Unarmed Combat | 4 5 6 7 9 10 | 10.0
Shapeshifting  | 5 6 7 8 10 12 14 15 17 19 21 | 21.6
Fighting       | 7 9 12 | 12.1
Invocations    | 6 9 |  9.0

Action                     |  1- 3 |  4- 6 |  7- 9 | 10-12 | 13-15 | 16-18 || total
---------------------------+-------+-------+-------+-------+-------+-------++-------
  Melee: Unarmed           |    71 |   195 |   340 |   583 |  1506 |   299 ||  2994
         Punch             |     2 |     5 |    14 |       |     3 |    12 ||    36
         Tailslap          |       |       |       |     9 |    20 |       ||    29
 Invoke: Recall Ancestor   |       |       |       |     1 |     5 |     2 ||     8
         Ancestor Life: He |       |       |       |     1 |       |       ||     1
         Idealise          |       |       |       |       |     3 |     2 ||     5
Ability: Siphon Essence    |       |       |       |       |       |     1 ||     1
  Evoke: Wand              |       |       |       |     1 |       |       ||     1
    Use: Potion            |     1 |     2 |     3 |     1 |     9 |       ||    16
         Scroll            |       |       |    10 |    11 |     8 |     5 ||    34
   Stab: Sleeping          |       |     6 |     4 |       |       |       ||    10
         Invisible         |       |     2 |     2 |       |       |       ||     4
         Confused          |       |       |       |    10 |    32 |     6 ||    48
         Distracted        |       |       |       |    10 |    19 |     2 ||    31
         Paralysed         |       |       |       |       |    42 |    30 ||    72
 Armour: Animal skin       |    31 |    42 |       |       |       |       ||    73
         Skin              |     6 |       |       |       |    20 |       ||    26
         Robe              |       |    40 |   122 |   152 |       |       ||   314
         Acid dragon scale |       |       |       |    29 |    62 |       ||    91
         Troll leather arm |       |       |       |       |   375 |   117 ||   492
  Dodge: Dodged            |    49 |   157 |   251 |   623 |  2273 |   366 ||  3719
   Form: Flux              |       |       |     1 |       |       |     1 ||     2
         Death             |       |       |       |       |       |     2 ||     2

Levels and vault maps discovered:
D:1:      dpeg_arrival_solitude, layout_rooms
D:2:      layout_rooms
D:3:      layout_basic, mainiacjoe_overflow_concentric_impassable,
          minmay_misc_feat_five, minmay_rat_hole
D:4:      layout_gridville, trog_three_pillars_becter, enter_ossuary_3,
          gammafunk_ghost_nasty_kobolds, uniq_blork_the_orc
D:5:      layout_basic, kiku_gazebo_garden_becter, nicolae_ru_awakened_eye,
          minmay_temple_entry_waves
D:6:      layout_loops_cross, lemuel_zombie_altar_yredelemnul,
          nicolae_hepliaklqana_monster_ancestors, uniq_grinder,
          uniq_prince_ribbit1, uniq_duvessa
D:7:      layout_loops_ring, chequers_serial_rivers_room_a, moated_statue,
          kennysheep_generic_room_9
D:8:      layout_cave_pods, nicolae_uskayaw_murder_on_the_dancefloor,
          minmay_overflow_temple_star_quad, serial_shops,
          nicolae_shop_behind_doors, enter_bailey_3, uniq_grum
D:9:      layout_cave_pools, mainiacjoe_overflow_small_starburst,
          david_lair_shrubbed, serial_bayou, serial_bayou_pond_e,
          serial_bayou_pond_b, serial_bayou_crossing, serial_bayou_pond_d,
          serial_bayou_lagoon_b, serial_bayou_pond_d
D:10:     layout_loops_ring, nicolae_dithmenos_through_a_glass_darkly,
          gammafunk_ghost_necromancy, serial_shops, shop, jiyva_altar_1
D:11:     layout_gridville, nicolae_hexahallways, nicolae_phantomly_mirrored
D:12:     layout_loops_ring, orc_0_dummy, portal_ice_cave_rime
D:13:     cheibrodos_quadrivalence, layout_basic
D:14:     layout_cave_pools, hellmonk_vaults_attempted_burglary, serial_bayou,
          serial_bayou_lagoon_a, serial_bayou_lake_a, serial_bayou_ford_a,
          serial_park_square1 [serial_park_minivault_5x5_7]
D:15:     grunt_enter_depths_snipers, layout_cave_pools,
          nicolae_twisting_strands
Lair:1:   layout_regular_city, infiniplex_staircase_pool_2
Lair:2:   layout_regular_city, skrybe_swamp_entry_bodies,
          guppyfry_snake_entry_garden, gammafunk_ghost_berserking_beasts,
          lemuel_fruit_tree, serial_bayou_shore_b
Lair:3:   layout_gridlike, kilobyte_rumbling_trees, serial_bayou_shore_b,
          grunt_megastairs_5, serial_bayou_shore_a
Lair:4:   dreamdust_cave_troll, layout_cave_pods,
          nicolae_slime_entry_slimehenge, basic_altar
Lair:5:   guppyfry_lair_end_dragon, layout_cave_pods, wormcave,
          gauntlet_entry_generic, ebering_ghost_inner_flame,
          chequers_serial_rivers_large_b, serial_bayou_shore_b, uniq_urug
Orc:1:    layout_caves, serial_shops, nicolae_book_shop_shelving
Orc:2:    st_orc_town, layout_diamond_mine
Elf:1:    layout_loops_cross, infiniplex_enter_wizlab_spiral, serial_shops,
          shop, minmay_elf_necromancy

Notes
Turn   | Place    | Note
-------+----------+-------------------------------------------
     0 | D:1      | ytrimaz the Merfolk Shapeshifter began the quest for the
                  | Orb.
     0 | D:1      | Reached XP level 1. HP: 15/15 MP: 1/1
     0 | D:1      | magus.rc [v1.9.6]
    81 | D:1      | Reached XP level 2. HP: 16/21 MP: 2/2
   156 | D:1      | Reached skill level 3 in Dodging
   420 | D:2      | Reached XP level 3. HP: 22/26 MP: 3/3
   491 | D:2      | HP: 5/26 [gnoll/+0 spear (6)]
   501 | D:2      | Reached skill level 4 in Unarmed Combat
   503 | D:2      | Reached XP level 4. HP: 11/32 MP: 4/4
   682 | D:2      | Reached skill level 4 in Dodging
   845 | D:2      | Reached skill level 5 in Shapeshifting
  1392 | D:3      | Found an opulent altar of Gozag.
  1417 | D:3      | Reached XP level 5. HP: 20/37 MP: 5/5
  2195 | D:4      | Noticed Blork the orc
  2211 | D:4      | Killed Blork the orc
  2212 | D:4      | Reached skill level 5 in Dodging
  2396 | D:4      | Reached XP level 6. HP: 38/43 MP: 6/6
  2464 | D:4      | Reached skill level 5 in Unarmed Combat
  2543 | D:4      | Found a bloodstained altar of Trog.
  2720 | D:4      | Found a runed translucent gate.
  2722 | D:4      | Found a runed translucent gate.
  2723 | D:4      | Found a runed translucent gate.
  2723 | D:4      | Noticed Skeral's ghost (amateur MeFE)
  2779 | D:4      | Found a sand-covered staircase.
  2804 | Ossuary  | Entered an ossuary
  2840 | Ossuary  | Reached skill level 6 in Shapeshifting
  2943 | Ossuary  | Reached XP level 7. HP: 34/48 MP: 7/7
  2955 | Ossuary  | Reached skill level 6 in Dodging
  3097 | Ossuary  | Reached skill level 6 in Unarmed Combat
  3275 | Ossuary  | Reached skill level 7 in Shapeshifting
  3279 | Ossuary  | Reached skill level 7 in Dodging
  3281 | Ossuary  | HP: 12/48 [poisoned by a scorpion]
  3297 | Ossuary  | HP: 11/48 [scorpion (5)]
  3300 | Ossuary  | Reached XP level 8. HP: 13/54 MP: 8/8
  4163 | D:5      | Entered Level 5 of the Dungeon
  4182 | D:5      | Found a sacrificial altar of Ru.
  4281 | D:5      | Found a staircase to the Ecumenical Temple.
  4413 | D:5      | Reached skill level 7 in Unarmed Combat
  4427 | D:5      | Reached skill level 8 in Dodging
  4553 | D:5      | Reached skill level 8 in Shapeshifting
  4622 | D:5      | Found an ancient bone altar of Kikubaaqudgha.
  4899 | D:6      | Noticed Prince Ribbit
  4907 | D:6      | Killed Prince Ribbit
  4961 | D:6      | Found a hazy altar of Hepliaklqana.
  4974 | D:6      | Became a worshipper of Hepliaklqana the Forgotten
  5099 | D:6      | Noticed Duvessa
  5100 | D:6      | Noticed Dowan
  5114 | D:6      | Killed Duvessa
  5115 | D:6      | Reached XP level 9. HP: 56/59 MP: 9/9
  5138 | D:6      | Killed Dowan
  5139 | D:6      | Reached skill level 9 in Dodging
  5247 | D:6      | Reached skill level 8 in Unarmed Combat
  5259 | D:6      | Noticed Grinder
  5266 | D:6      | Killed Grinder
  5267 | D:6      | Reached skill level 9 in Shapeshifting
  5289 | D:6      | You pick up a book of Sloth and begin reading...
  5289 | D:6      | You add the spells Frozen Ramparts, Petrify and Metabolic
                  | Englaciation to your library.
  5432 | D:6      | You add the spells Cigotuvi's Dreadful Rot, Ignite Poison
                  | and Freezing Cloud to your library.
  5718 | D:6      | Found a basalt altar of Yredelemnul.
  5842 | D:7      | You pick up a book of Displacement and begin reading...
  5842 | D:7      | You add the spells Lesser Beckoning, Gell's Gravitas and
                  | Teleport Other to your library.
  5968 | D:7      | Reached skill level 10 in Dodging
  6298 | D:7      | Reached skill level 9 in Unarmed Combat
  6323 | D:7      | Reached skill level 10 in Shapeshifting
  6324 | D:7      | Identified the +6 sling "Sinoirgha" {flame, rPois MP+9}
  6390 | D:7      | Noticed a hornet
  6402 | D:7      | Killed a hornet
  6566 | D:7      | Reached XP level 10. HP: 65/65 MP: 10/10
  6745 | D:7      | Reached skill level 11 in Dodging
  7025 | D:8      | Reached * piety under Hepliaklqana
  7124 | D:8      | Found Orisuhen's Armour Shop.
  7130 | D:8      | Bought a +1 pair of gloves of dexterity for 264 gold pieces
  7256 | D:8      | Reached skill level 10 in Unarmed Combat
  7256 | D:8      | Reached skill level 11 in Shapeshifting
  7294 | D:8      | Found a flagged portal.
  7306 | Bailey   | Entered a bailey
  7333 | Bailey   | Reached skill level 12 in Dodging
  7469 | Bailey   | Noticed a kobold demonologist
  7476 | Bailey   | Killed a kobold demonologist
  7604 | Bailey   | Reached skill level 12 in Shapeshifting
  7813 | Bailey   | Reached skill level 13 in Dodging
  7927 | Bailey   | Found an iron altar of Okawaru.
  7927 | Bailey   | Noticed a kobold demonologist
  7933 | Bailey   | Killed a kobold demonologist
  7934 | Bailey   | Reached XP level 11. HP: 61/63 MP: 11/11
  7987 | Bailey   | Identified the +6 flail of Gozag {vamp, Dex+4}
  8062 | D:8      | Acquired 860 gold pieces
  8064 | D:8      | Reached skill level 7 in Fighting
  8064 | D:8      | Reached skill level 15 in Dodging
  8064 | D:8      | Reached XP level 12. HP: 81/81 MP: 12/12
  8232 | D:8      | Noticed a two-headed ogre
  8246 | D:8      | Killed a two-headed ogre
  8247 | D:8      | Reached skill level 1 in Invocations
  8339 | D:8      | Reached skill level 2 in Invocations
  8363 | D:8      | Noticed Grum
  8383 | D:8      | Killed Grum
  8412 | D:8      | Found a hide-covered altar of Uskayaw.
  8599 | D:8      | Found a snail-covered altar of Cheibriados.
  8602 | D:8      | Found a sparkling altar of Nemelex Xobeh.
  8605 | D:8      | Found a stormy altar of Qazlal.
  8845 | D:9      | Reached ** piety under Hepliaklqana
  8853 | D:9      | Remembered your ancestor Khenut as a hexer
  8894 | D:9      | Found a staircase to the Lair.
  8957 | D:9      | Reached skill level 3 in Invocations
  9008 | D:9      | Reached skill level 16 in Dodging
  9015 | D:9      | Reached skill level 13 in Shapeshifting
  9175 | D:9      | Found an ornate altar of the Wu Jian Council.
  9214 | D:9      | You add the spells Malign Gateway and Summon Horrible
                  | Things to your library.
  9559 | D:10     | Entered Level 10 of the Dungeon
  9597 | D:10     | Found Xiegau Mygoi's Magic Scroll Shoppe.
  9606 | D:10     | Bought a scroll of identify for 20 gold pieces
  9606 | D:10     | Bought a scroll of identify for 20 gold pieces
  9643 | D:10     | Reached skill level 4 in Invocations
  9699 | D:10     | Found a viscous altar of Jiyva.
  9888 | D:10     | Found a runed translucent gate.
  9889 | D:10     | Found a runed translucent gate.
  9890 | D:10     | Found a runed translucent gate.
  9890 | D:10     | Noticed anansati's ghost (journeyman TeBr)
  9977 | D:10     | You pick up a book of Annihilations and begin reading...
  9977 | D:10     | You add the spells Chain Lightning, Fire Storm and Shatter
                  | to your library.
 10077 | D:10     | Found a shadowy altar of Dithmenos.
 10380 | D:11     | Reached *** piety under Hepliaklqana
 10426 | D:11     | You pick up a book of the Moon and begin reading...
 10426 | D:11     | You add the spells Passage of Golubria, Silence and
                  | Lehudib's Crystal Spear to your library.
 10463 | D:11     | Noticed a two-headed ogre
 10470 | D:11     | Killed a two-headed ogre
 10471 | D:11     | Reached skill level 5 in Invocations
 10739 | D:11     | Noticed a two-headed ogre
 10739 | D:11     | Noticed a two-headed ogre
 10759 | D:11     | Killed a two-headed ogre
 10760 | D:11     | Killed a two-headed ogre
 11196 | D:12     | Found a frozen archway.
 11214 | IceCv    | Entered an ice cave
 11298 | D:12     | Noticed a boulder beetle
 11318 | D:12     | Killed a boulder beetle
 11319 | D:12     | Reached skill level 17 in Dodging
 11319 | D:12     | Reached skill level 6 in Invocations
 11319 | D:12     | Reached skill level 14 in Shapeshifting
 11371 | D:12     | Reached XP level 13. HP: 25/86 MP: 17/17
 11626 | D:12     | You pick up a book of Spatial Translocations and begin
                  | reading...
 11626 | D:12     | You add the spells Blink and Momentum Strike to your
                  | library.
 11633 | D:12     | Found a staircase to the Orcish Mines.
 11755 | D:12     | Reached skill level 7 in Invocations
 12061 | D:13     | You pick up a book of Storms and begin reading...
 12061 | D:13     | You add the spells Static Discharge, Airstrike and Summon
                  | Lightning Spire to your library.
 12495 | D:13     | Reached skill level 8 in Invocations
 12577 | D:13     | Reached skill level 18 in Dodging
 12577 | D:13     | Reached skill level 15 in Shapeshifting
 12865 | D:13     | Reached **** piety under Hepliaklqana
 13148 | D:14     | HP: 10/86 [skeletal warrior/+0 war axe (25)]
 13361 | D:14     | Identified the +7 spear "Gentog" {elec, +Blink rPois}
 13524 | D:14     | Reached skill level 9 in Invocations
 13698 | D:14     | HP: 19/86 [skeletal warrior/+0 long sword (12)]
 13744 | D:14     | Found a gate to the Vaults.
 13747 | D:14     | Noticed a fire dragon
 13756 | D:14     | HP: 14/86 [manticore/volley of spikes (21)]
 13757 | D:14     | Killed a fire dragon
 13758 | D:14     | Reached XP level 14. HP: 17/92 MP: 20/20
 13758 | D:14     | Gained mutation: You occasionally lose the ability to read
                  | scrolls when taking damage. [potion of mutation]
 13758 | D:14     | Gained mutation: You expend magic power (3 MP) to
                  | strengthen your wands. [potion of mutation]
 13758 | D:14     | Gained mutation: Your flesh is cold resistant. (rC+)
                  | [potion of mutation]
 13761 | D:14     | HP: 17/138 [barbs]
 13766 | D:14     | Reached skill level 16 in Shapeshifting
 13792 | D:14     | Lost mutation: Your flesh is cold resistant. (rC+) [potion
                  | of mutation]
 13792 | D:14     | Lost mutation: You expend magic power (3 MP) to strengthen
                  | your wands. [potion of mutation]
 13792 | D:14     | Gained mutation: You are somewhat resistant to further
                  | mutation. [potion of mutation]
 13874 | D:14     | Reached skill level 19 in Dodging
 14117 | D:15     | Entered Level 15 of the Dungeon
 14398 | Orc:1    | Entered Level 1 of the Orcish Mines
 14629 | Orc:1    | Found Oschifasi's Book Emporium.
 14677 | Orc:1    | Noticed an orc warlord
 14699 | Orc:1    | Killed an orc warlord
 14955 | Orc:2    | Entered Level 2 of the Orcish Mines
 14955 | Orc:2    | Found a staircase to the Elven Halls.
 15216 | Orc:2    | HP: 21/92 [orc priest/divine providence (12)]
 15327 | Orc:2    | Reached ***** piety under Hepliaklqana
 15430 | Orc:2    | Reached skill level 17 in Shapeshifting
 15430 | Orc:2    | HP: 22/93 [orc priest/divine providence (9)]
 15446 | Orc:2    | Found Tostrice's Weapon Emporium.
 15446 | Orc:2    | Found Tabo Camiwn's Assorted Antiques.
 15529 | Orc:2    | Reached skill level 8 in Fighting
 15541 | Orc:2    | HP: 22/94 [orc priest/divine providence (10)]
 15553 | Orc:2    | Reached skill level 20 in Dodging
 15559 | Orc:2    | HP: 19/94 [something][an orc high priest] (11)]
 15908 | Orc:2    | Found Eseonwat's Assorted Antiques.
 15908 | Orc:2    | Found Ideng's Assorted Antiques.
 15935 | Orc:2    | Bought an opal-encrusted leather armour for 231 gold pieces
 15935 | Orc:2    | Identified the +3 leather armour of the Red Skies {rPois
                  | Int+4} (You bought it in a shop on level 2 of the Orcish
                  | Mines)
 16172 | Lair:1   | Entered Level 1 of the Lair of Beasts
 17182 | Lair:2   | Found a transporter.
 17220 | Lair:2   | Found a staircase to the Swamp.
 17436 | Lair:2   | Reached skill level 9 in Fighting
 17583 | Lair:2   | Found a staircase to the Snake Pit.
 17658 | Lair:2   | Found a transporter.
 17663 | Lair:2   | Noticed bahustanut's ghost (journeyman OgBe)
 17987 | Lair:3   | Reached XP level 15. HP: 96/101 MP: 21/21
 18207 | Lair:3   | Identified the ring of Luseg {Wiz +Blink rN+ MP+9}
 18293 | Lair:3   | Reached ****** piety under Hepliaklqana
 18669 | Lair:3   | Reached skill level 18 in Shapeshifting
 19067 | Lair:4   | Reached skill level 10 in Fighting
 19253 | Lair:4   | Found a staircase to the Slime Pits.
 19355 | Lair:4   | Reached skill level 21 in Dodging
 19414 | Lair:4   | Found a glowing silver altar of Zin.
 20108 | Lair:5   | Entered Level 5 of the Lair of Beasts
 20108 | Lair:5   | Found a gate leading to a gauntlet.
 20111 | Gauntlet | Entered a Gauntlet
 20111 | Gauntlet | Found a transporter.
 20119 | Gauntlet | Found a transporter.
 20121 | Gauntlet | Found a transporter.
 20123 | Gauntlet | Found a transporter.
 20141 | Gauntlet | Found a transporter.
 20151 | Gauntlet | Found a transporter.
 20156 | Gauntlet | Found a transporter.
 20171 | Gauntlet | Found a transporter.
 20188 | Gauntlet | Found a transporter.
 20203 | Gauntlet | Found a transporter.
 20215 | Gauntlet | Found a transporter.
 20221 | Gauntlet | Found a transporter.
 20238 | Gauntlet | Found a transporter.
 20247 | Gauntlet | Found a transporter.
 20249 | Gauntlet | Found a transporter.
 20266 | Gauntlet | Found a transporter.
 20295 | Gauntlet | Found a transporter.
 20314 | Gauntlet | Found a transporter.
 20714 | Gauntlet | Identified the ring of Ashenzari's Hatred {rPois rF+ AC+4}
 20755 | Gauntlet | Identified the +1 orcbow of Qouc {flame, rElec Dex+2
                  | Stlth+}
 20755 | Gauntlet | Identified the +6 long sword of Instant Death {freeze,
                  | Fragile rF++}
 20755 | Gauntlet | Identified the +11 war axe of Spores {protect, Str+5}
 20755 | Gauntlet | Identified the +0 leather armour of the Delicate God {Str+6
                  | Int+3 Dex-4}
 20755 | Gauntlet | Identified the +8 quarterstaff "Hyodgh" {drain, rC+}
 20801 | Lair:5   | Noticed Urug
 20836 | Lair:5   | HP: 27/157 [komodo dragon (22)]
 20840 | Lair:5   | Killed Urug
 20845 | Lair:5   | HP: 51/235 [komodo dragon (14)]
 21149 | Lair:5   | Found a runed translucent door.
 21182 | Lair:5   | Reached skill level 11 in Fighting
 21540 | Lair:5   | Reached skill level 19 in Shapeshifting
 21667 | Lair:5   | Found a runed translucent door.
 21671 | Lair:5   | Noticed bahustanut's ghost (journeyman MiBe)
 22008 | Lair:5   | Reached skill level 12 in Fighting
 22052 | Lair:5   | You pick up a book of Death and begin reading...
 22052 | Lair:5   | You add the spells Animate Dead, Haunt and Infestation to
                  | your library.
 22143 | Lair:5   | Reached XP level 16. HP: 114/114 MP: 22/22
 22757 | D:15     | Reached skill level 20 in Shapeshifting
 22814 | D:15     | HP: 27/114 [meliai/divine providence (14)]
 23174 | D:15     | Identified the +0 ring mail "Zatz" {rN+++ Int-4 Stlth+}
 23252 | D:15     | Found a staircase to the Depths.
 23355 | D:15     | Acquired the ring of Eternal Night {rPois rCorr}
 23564 | Elf:1    | Entered Level 1 of the Elven Halls
 23591 | Elf:1    | Found a magical portal.
 23596 | WizLab   | Entered Cigotuvi's Fleshworks
 23647 | WizLab   | Reached skill level 21 in Shapeshifting
 23683 | Elf:1    | You pick up a book of Callings and begin reading...
 23683 | Elf:1    | You add the spells Summon Small Mammal, Call Canine
                  | Familiar and Summon Guardian Golem to your library.
 24041 | Elf:1    | Found Ditiashru's General Store.
 24180 | Elf:1    | HP: 24/98 [something (2)]
 24181 | Elf:1    | Collided with a rock wall

Vanquished Creatures
  A deep elf elementalist (Elf:1)
  A stone giant (D:15)
  A minotaur (Gauntlet)
  A fire dragon (D:14)
  5 hydras
  A ghost crab (Gauntlet)
  An ice dragon (Lair:5)
  5 two-headed ogres
  8 centaur warriors
  3 boulder beetles
  4 tengu warriors
  Urug (Lair:5)
  6 orc high priests (Orc:2)
  A deep elf knight (Elf:1)
  4 skeletal warriors
  A deep troll (Lair:4)
  A swamp dragon (Lair:5)
  2 lindwurms (Lair:5)
  A deep elf archer (Elf:1)
  4 deep elf zephyrmancers (Elf:1)
  A deep elf pyromancer (Elf:1)
  An orc sorcerer (Orc:2)
  An orc knight (Orc:2)
  19 ugly things
  An oklob plant (Gauntlet)
  2 manticores
  17 elephants
  4 cyclopes
  5 black mambas
  A smoke demon (Gauntlet)
  3 torpor snails (Lair:5)
  5 rime drakes
  8 cane toads
  An efreet (D:12)
  An unseen horror (D:12)
  2 kobold demonologists (Bailey)
  14 komodo dragons
  A tengu conjurer (D:15)
  2 trolls
  2 tyrant leeches (Lair:5)
  2 meliai (D:15)
  4 polar bears
  Prince Ribbit (D:6)
  Grinder (D:6)
  5 hornets
  6 blink frogs
  5 dream sheep (Lair:5)
  9 slime creatures
  A shadow (D:9)
  5 wyverns
  24 yaks
  A wraith (D:9)
  3 water elementals
  4 basilisks
  Grum (D:8)
  3 small abominations (WizLab)
  9 vampire mosquitoes (D:12)
  2 nagas (Lair:2)
  3 steam dragons
  Duvessa (D:6)
  6 wargs
  4 acid dragons
  11 water moccasins
  2 swamp drakes (Lair:5)
  An ice beast (D:8)
  3 sky beasts (D:7)
  3 black bears
  16 orc warriors
  4 ogres
  4 centaurs
  5 wolves
  6 boggarts
  A phantom (D:5)
  2 kobold brigands
  12 bullfrogs
  Blork the orc (D:4)
  2 gnoll sergeants (D:8)
  10 scorpions
  An earth elemental (Elf:1)
  11 wights
  Dowan (D:6)
  10 killer bees
  15 electric eels
  3 centaur zombies (Ossuary)
  3 crimson imps (Gauntlet)
  5 jellies
  22 orc priests
  2 hounds
  A human zombie (Ossuary)
  2 sleepcaps
  3 scorpion zombies (Ossuary)
  3 iguanas
  3 orc wizards
  A killer bee zombie (D:6)
  3 mummies (Ossuary)
  A howler monkey zombie (D:6)
  11 gnolls
  5 adders
  2 shadow imps
  2 worms
  A dart slug (D:2)
  70 orcs
  4 bats
  11 endoplasms
  3 giant cockroaches
  10 hobgoblins
  15 kobolds
  7 quokkas
  5 ball pythons
  5 frilled lizards
  11 goblins
  A goblin zombie (D:4)
  2 hobgoblin zombies (Ossuary)
  4 kobold zombies (Ossuary)
  4 orc zombies (Ossuary)
  22 rats
  A spectral orc (D:6)
612 creatures vanquished.

Vanquished Creatures (collateral kills)
  An orc warlord (Orc:1)
  A fire dragon (Lair:5)
  A hydra (D:15)
  A boulder beetle (D:14)
  A dancing weapon (Elf:1)
  A tengu warrior (D:15)
  A two-headed ogre (D:11)
  2 orc high priests (Orc:2)
  4 skeletal warriors
  3 deep elf pyromancers
  A deep elf archer (Elf:1)
  2 deep elf zephyrmancers (Elf:1)
  A cyclops (D:15)
  2 manticores (D:15)
  5 ugly things
  2 torpor snails (Lair:5)
  A gargoyle (D:8)
  2 cane toads
  A rime drake (D:12)
  An unseen horror (D:11)
  2 komodo dragons
  4 meliai (D:15)
  A tyrant leech (Lair:5)
  A troll (Orc:1)
  2 hornets (Lair:5)
  2 polar bears
  6 yaks
  A centaur simulacrum (D:15)
  6 slime creatures
  A wyvern (D:10)
  A water elemental (Elf:1)
  2 steam dragons
  3 basilisks
  2 wargs (Orc:2)
  An acid dragon (Lair:5)
  2 water moccasins (Lair:1)
  2 orc warriors
  An ogre (Orc:1)
  A wolf (D:8)
  4 centaurs
  A kobold brigand (D:9)
  A bullfrog (Lair:1)
  3 wights (D:9)
  3 killer bees
  An electric eel (D:14)
  10 orc priests
  An iguana (Lair:5)
  9 orc wizards
  5 gnolls
  22 orcs
  A goblin (D:8)
  A hobgoblin (Bailey)
  6 kobolds (D:9)
143 creatures vanquished.

Vanquished Creatures (others)
  A centaur (D:13)
  14 hexers
  An orc priest (Orc:2)
  2 ancestors
  2 kobolds (D:8)
20 creatures vanquished.

Grand Total: 775 creatures vanquished

Table legend:
 A = Non-vault XP
 B = Vault XP
 C = Vault XP percentage of total XP
 D = Non-vault monster count
 E = Vault monster count
 F = Vault count percentage of total count
                 A         B        C        D         E       F
            +---------+---------+-------+---------+---------+-------
      Total |  111338 |   41160 |  27.0 |     514 |     242 |  32.0
            +---------+---------+-------+---------+---------+-------
        D:1 |      30 |       0 |   0.0 |      18 |       0 |   0.0
        D:2 |     112 |       0 |   0.0 |      19 |       0 |   0.0
        D:3 |      47 |      20 |  29.9 |      18 |      19 |  51.4
        D:4 |     152 |      91 |  37.4 |      16 |       2 |  11.1
        D:5 |     348 |       0 |   0.0 |       6 |       0 |   0.0
        D:6 |     216 |     820 |  79.2 |      10 |       8 |  44.4
        D:7 |    2361 |       3 |   0.1 |      27 |       1 |   3.6
        D:8 |    3186 |     543 |  14.6 |      37 |       8 |  17.8
        D:9 |    2018 |     770 |  27.6 |      37 |       6 |  14.0
       D:10 |    1921 |     366 |  16.0 |      18 |       4 |  18.2
       D:11 |    2180 |    1896 |  46.5 |      11 |       4 |  26.7
       D:12 |    5169 |     800 |  13.4 |      19 |       2 |   9.5
       D:13 |   10025 |       0 |   0.0 |      22 |       0 |   0.0
       D:14 |   10192 |     883 |   8.0 |      28 |       1 |   3.4
       D:15 |   22857 |    2736 |  10.7 |      45 |       3 |   6.2
     Lair:1 |    2538 |       0 |   0.0 |      11 |       0 |   0.0
     Lair:2 |    6032 |     332 |   5.2 |      19 |       2 |   9.5
     Lair:3 |    7223 |    2303 |  24.2 |      21 |       9 |  30.0
     Lair:4 |    7283 |     804 |   9.9 |      23 |       4 |  14.8
     Lair:5 |   12011 |   11670 |  49.3 |      36 |      32 |  47.1
      Orc:1 |    2328 |       0 |   0.0 |      28 |       0 |   0.0
      Orc:2 |    3311 |    8286 |  71.4 |      29 |      58 |  66.7
      Elf:1 |    9798 |       0 |   0.0 |      16 |       0 |   0.0
    Ossuary |       0 |    1100 | 100.0 |       0 |      29 | 100.0
     Bailey |       0 |    2524 | 100.0 |       0 |      36 | 100.0
     WizLab |       0 |    2097 | 100.0 |       0 |       6 | 100.0
   Gauntlet |       0 |    3116 | 100.0 |       0 |       8 | 100.0
            +---------+---------+-------+---------+---------+-------

Skill      XL: |  1  2  3  4  5  6  7  8  9 10 11 12 13 14 15 16 |
---------------+-------------------------------------------------+-----
Dodging        | 3 4 5 7 8 10 13 15 17 18 20 21 | 21.3
Unarmed Combat | 4 5 6 7 9 10 | 10.0
Shapeshifting  | 5 6 7 8 10 12 14 15 17 19 21 | 21.6
Fighting       | 7 9 12 | 12.1
Invocations    | 6 9 |  9.0

Action                     |  1- 3 |  4- 6 |  7- 9 | 10-12 | 13-15 | 16-18 || total
---------------------------+-------+-------+-------+-------+-------+-------++-------
  Melee: Unarmed           |    71 |   195 |   340 |   583 |  1506 |   299 ||  2994
         Punch             |     2 |     5 |    14 |       |     3 |    12 ||    36
         Tailslap          |       |       |       |     9 |    20 |       ||    29
 Invoke: Recall Ancestor   |       |       |       |     1 |     5 |     2 ||     8
         Ancestor Life: He |       |       |       |     1 |       |       ||     1
         Idealise          |       |       |       |       |     3 |     2 ||     5
Ability: Siphon Essence    |       |       |       |       |       |     1 ||     1
  Evoke: Wand              |       |       |       |     1 |       |       ||     1
    Use: Potion            |     1 |     2 |     3 |     1 |     9 |       ||    16
         Scroll            |       |       |    10 |    11 |     8 |     5 ||    34
   Stab: Sleeping          |       |     6 |     4 |       |       |       ||    10
         Invisible         |       |     2 |     2 |       |       |       ||     4
         Confused          |       |       |       |    10 |    32 |     6 ||    48
         Distracted        |       |       |       |    10 |    19 |     2 ||    31
         Paralysed         |       |       |       |       |    42 |    30 ||    72
 Armour: Animal skin       |    31 |    42 |       |       |       |       ||    73
         Skin              |     6 |       |       |       |    20 |       ||    26
         Robe              |       |    40 |   122 |   152 |       |       ||   314
         Acid dragon scale |       |       |       |    29 |    62 |       ||    91
         Troll leather arm |       |       |       |       |   375 |   117 ||   492
  Dodge: Dodged            |    49 |   157 |   251 |   623 |  2273 |   366 ||  3719
   Form: Flux              |       |       |     1 |       |       |     1 ||     2
         Death             |       |       |       |       |       |     2 ||     2

Illustrated notes

Table legend:
 A = Kills in this place as a percentage of kills in the entire game.
 B = Kills by you in this place as a percentage of kills by you in the entire game.
 C = Kills by friends in this place as a percentage of kills by friends in the entire game.
 D = Other kills in this place as a percentage of other kills in the entire game.
 E = Experience gained in this place as a percentage of experience gained in the entire game.
 F = Experience gained in this place divided by the number of levels of this place that you have seen.
                   A       B       C       D       E      F
               +-------+-------+-------+-------+-------+----------------------
         Total | 100.0 | 100.0 | 100.0 | 100.0 | 100.0 | 5446.4
       Dungeon |  51.5 |  52.1 |  47.6 |  83.3 |  45.7 | 4649.5
          Lair |  20.8 |  22.2 |  15.4 |   0.0 |  32.9 | 10039.2
  Orcish Mines |  15.2 |  11.7 |  30.1 |  16.7 |   9.1 | 6962.5
   Elven Halls |   2.1 |   1.5 |   4.9 |   0.0 |   6.4 | 9798.0
       Ossuary |   3.8 |   4.8 |   0.0 |   0.0 |   0.7 | 1100.0
        Bailey |   4.8 |   5.6 |   1.4 |   0.0 |   1.7 | 2524.0
        Wizlab |   0.8 |   0.8 |   0.7 |   0.0 |   1.4 | 2097.0
      Gauntlet |   1.1 |   1.3 |   0.0 |   0.0 |   2.0 | 3116.0
               +-------+-------+-------+-------+-------+----------------------

Table legend: (Time is in decaauts)
 A = Elapsed time spent in this place.
 B = Non-inter-level travel time spent in this place.
 C = Inter-level travel time spent in this place.
 D = Time resting spent in this place.
 E = Time spent auto-exploring this place.
 F = Levels seen in this place.
 G = Mean time per level.
                   A        B        C        D        E       F      G
               +--------+--------+--------+--------+--------+-----+--------+
         Total |  23521 |  22328 |   1193 |    297 |  15895 |  28 |  840.0 |
       Dungeon |  13837 |  12890 |    947 |    199 |   9552 |  15 |  922.5 |
          Lair |   5338 |   5154 |    184 |     31 |   3807 |   5 | 1067.6 |
  Orcish Mines |   1661 |   1600 |     61 |      6 |   1034 |   2 |  830.5 |
   Elven Halls |    539 |    539 |      0 |      0 |    366 |   1 |  539.0 |
       Ossuary |    788 |    788 |      0 |      8 |    500 |   1 |  788.0 |
        Bailey |    654 |    654 |      0 |     16 |    297 |   1 |  654.0 |
      Ice Cave |      4 |      4 |      0 |      0 |      0 |   1 |    4.0 |
        Wizlab |     59 |     59 |      0 |      0 |      0 |   1 |   59.0 |
      Gauntlet |    636 |    636 |      0 |     37 |    338 |   1 |  636.0 |
               +--------+--------+--------+--------+--------+-----+--------+

Top non-repeatable levels by time:
  Lair:5: 1449 daAuts
    D:13: 1385 daAuts
     D:4: 1190 daAuts
     D:7: 1186 daAuts
    D:15: 1136 daAuts
     D:8: 1074 daAuts
  Lair:4: 1070 daAuts
   Orc:2: 1062 daAuts
  Lair:3: 1029 daAuts
     D:3: 990 daAuts
    D:12: 939 daAuts
  Lair:2: 936 daAuts
     D:6: 921 daAuts
  Lair:1: 852 daAuts
    D:14: 852 daAuts
